 Dungeon Crawl Stone Soup version 0.28.0-1-gb440e238dd (webtiles) character file.

Game seed: 9580655281219108878

61138 sanka the Spry (level 15, -10/129 HPs)
             Began as a Merfolk Conjurer on Feb 21, 2022.
             Was the Champion of the Shining One.
             Killed from afar by Jorgrun (30 damage)
             ... with an iron shot
             ... while petrified by Jorgrun
             ... on level 12 of the Dungeon.
             The game lasted 00:48:12 (25049 turns).

sanka the Spry (Merfolk Conjurer)                  Turns: 25049, Time: 00:48:12

Health: -10/129    AC: 20    Str:  8    XL:     15   Next: 1%
Magic:  23/23      EV: -1    Int: 27    God:    the Shining One [******]
Gold:   997        SH:  0    Dex: 18    Spells: 15/18 levels left

rFire   + + .      SeeInvis .   a - +4 halberd (freeze)
rCold   . . .      Faith    +   (shield currently unavailable)
rNeg    + + +      Spirit   .   E - +0 robe
rPois   ∞          Reflect  .   D - +2 helmet
rElec   +          Harm     .   u - +2 ratskin cloak {*Rats rPois rN+ Str-1 Int-1 Dex+1}
rCorr   .          Rampage  .   n - +2 pair of gloves
Will    ++...                   P - +0 pair of boots of the Apothecary {Int+6 Slay+3}
Stlth   +.........              V - amulet "Duevvumo" {Faith Fragile rF+ Will+ Int+3}
HPRegen 0.31/turn               k - ring of the Heavens {rElec rF+ AC+4 Stlth-}
MPRegen 0.18/turn               I - +4 ring of protection

@: petrified, grasped by roots, glowing, constricted
A: (nimble swimmer 2), mertail
a: Renounce Religion, Divine Shield, Cleansing Flame, Summon Divine Warrior,
Brand Weapon With Holy Wrath


You were on level 12 of the Dungeon.
You worshipped the Shining One.
The Shining One was exalted by your worship.
You visited 3 branches of the dungeon, and saw 19 of its levels.
You also visited: Gauntlet.

You collected 1447 gold pieces.
You spent 450 gold pieces at shops.

Inventory:

Hand Weapons
 a - a +4 halberd of freezing (weapon)
 b - a +0 trident
Missiles
 i - 4 throwing nets
Armour
 g - a +2 kite shield of fire resistance
 m - the +3 chain mail of Failure {Regen+ Slay+6}
   (You took it off a minotaur in a Gauntlet)

   Slay:      It affects your accuracy & damage with ranged weapons and melee
   (+6).
   Regen:     It increases your rate of health regeneration.
 n - a +2 pair of gloves (worn)
 u - the +2 ratskin cloak (worn) {*Rats rPois rN+ Str-1 Int-1 Dex+1}
   (You found it on level 5 of the Dungeon)

   When the wearer is hurt, rats may emerge from it to assist them.
   Str:       It affects your strength (-1).
   Int:       It affects your intelligence (-1).
   Dex:       It affects your dexterity (+1).
   rPois:     It protects you from poison.
   rN:        It protects you from negative energy.
 D - a +2 helmet (worn)
 E - a +0 robe (worn)
 P - the +0 pair of boots of the Apothecary (worn) {Int+6 Slay+3}
   (You bought it in a shop on level 10 of the Dungeon)

   Int:       It affects your intelligence (+6).
   Slay:      It affects your accuracy & damage with ranged weapons and melee
   (+3).
Jewellery
 h - a ring of protection from fire
 k - the ring of the Heavens (left hand) {rElec rF+ AC+4 Stlth-}
   (You found it in a Gauntlet)

   [ring of protection]

   AC:        It affects your AC (+4).
   rF:        It protects you from fire.
   rElec:     It insulates you from electricity.
   Stlth:     It makes you less stealthy.
 I - a +4 ring of protection (right hand)
 N - a ring of willpower
 V - the amulet "Duevvumo" (around neck) {Faith Fragile rF+ Will+ Int+3}
   (You took it off a meliai on level 4 of the Lair of Beasts)

   [amulet of faith]

   It allows you to gain divine favour quickly.
   Int:       It affects your intelligence (+3).
   rF:        It protects you from fire.
   Fragile:   It will be destroyed if unequipped.
   Will:      It increases your willpower.
Wands
 p - a wand of polymorph (6)
 v - a wand of paralysis (2)
 z - a wand of flame (57)
 F - a wand of digging (20)
 K - a wand of iceblast (2)
 S - a wand of acid (4)
Scrolls
 d - a scroll of fear
 e - 10 scrolls of teleportation
 l - 2 scrolls of magic mapping
 o - 4 scrolls of blinking
 r - 5 scrolls of fog
 t - 2 scrolls of silence
 x - a scroll of acquirement {unknown}
 y - a scroll of amnesia
 B - a scroll of torment {unknown}
 R - a scroll of summoning {unknown}
Potions
 c - 3 potions of might {unknown}
 f - 4 potions of lignification {unknown}
 j - 8 potions of ambrosia {unknown}
 q - 11 potions of curing {unknown}
 s - 3 potions of cancellation {unknown}
 w - 2 potions of mutation {unknown}
 A - 3 potions of heal wounds
 C - 3 potions of resistance {unknown}
 G - 4 potions of attraction {unknown}
 J - 2 potions of haste {unknown}
 L - a potion of berserk rage
 O - 3 potions of degeneration {unknown}
 W - a potion of flight {unknown}
Miscellaneous
 X - a phial of floods


   Skills:
 - Level 15.0 Fighting
 - Level 16.0 Polearms
 - Level 20.0 Dodging
 - Level 2.1 Stealth
 - Level 2.0 Spellcasting
 - Level 5.0 Conjurations
 + Level 11.1 Invocations


You had 15 spell levels left.
You knew the following spells:

 Your Spells              Type           Power      Damage    Failure   Level
a - Magic Dart            Conj           100%       1d8       1%          1
b - Searing Ray           Conj           58%        2d6       1%          2

Your spell library contained the following spells:

 Spells                   Type           Power      Damage    Failure   Level
 Animate Skeleton         Necr           4%         N/A       10%         1
 Apportation              Tloc           4%         N/A       10%         1
 Slow                     Hex            8%         N/A       10%         1
 Summon Small Mammal      Summ           8%         N/A       10%         1
 Dazzling Flash           Conj/Hex       32%        N/A       11%         3
 Call Canine Familiar     Summ           2%         N/A       28%         3
 Confusing Touch          Hex            2%         N/A       28%         3
 Ignite Poison            Fire/Tmut/Pois 2%         N/A       28%         3
 Portal Projectile        Hex/Tloc       4%         N/A       28%         3
 Vampiric Draining        Necr           2%         2d6       28%         3
 Fulminant Prism          Conj/Hex       8%         3d7       34%         4
 Hailstorm                Conj/Ice       16%        3d6       34%         4
 Iskenderun's Mystic Bla  Conj/Tloc      16%        2d5       34%         4
 Sticky Flame             Conj/Fire      16%        2d4       34%         4
 Leda's Liquefaction      Hex/Erth       1%         N/A       67%         4
 Summon Ice Beast         Ice/Summ       2%         N/A       67%         4
 Agony                    Necr           2%         N/A       95%         5
 Blade Hands              Tmut           1%         N/A       95%         5
 Excruciating Wounds      Necr           1%         N/A       95%         5
 Silence                  Hex/Air        1%         N/A       95%         5
 Summon Forest            Summ/Tloc      1%         N/A       95%         5
 Summon Mana Viper        Hex/Summ       2%         N/A       95%         5
 Starburst                Conj/Fire      8%         6d4       99%         6
 Summon Cactus Giant      Summ           1%         N/A       100%        6
 Monstrous Menagerie      Summ           1%         N/A       100%        7


Dungeon Overview and Level Annotations

Branches:
Dungeon (12/15)            Temple (0/1) D:5            Lair (6/6) D:10
  Swamp (0/4) Lair:3        Snake (0/4) Lair:2        Slime (1/5) Lair:5
    Orc (0/2) D:12        Gauntlet (visited)

Altars:
Ashenzari
Cheibriados
Gozag
Kikubaaqudgha
Nemelex Xobeh
Okawaru
Qazlal
Ru
Sif Muna
Trog
Uskayaw
Vehumet
The Shining One
Beogh

Shops:
D:8 *   D:10 [

Annotations:
D:12 Jorgrun
Lair:2 3 runed translucent doors, benappo's ghost, journeyman TrFi


Innate Abilities, Weirdness & Mutations

((You are very nimble when in or above water. (Stealth+, EV+, Speed+++)))
Your lower body shifts to a powerful aquatic tail in water.


Message History

Unknown command.
Unknown command.
Unknown command.
Unknown command.
Unknown command.
You feel much better. Jorgrun hits you but does no damage.
The grasping roots constrict you!
Your river rat bites Jorgrun.
You hit Jorgrun. You freeze Jorgrun.
Jorgrun is severely wounded.
Jorgrun barely misses you. The grasping roots constrict you.
You hit Jorgrun. You freeze Jorgrun.
Jorgrun is severely wounded.
Your river rat misses Jorgrun.
You puncture Jorgrun! You freeze Jorgrun.
Jorgrun is almost dead.
Jorgrun gestures at you while chanting.
You are slowing down.
The grasping roots constrict you!
Your river rat bites Jorgrun but does no damage.
You slash Jorgrun! You freeze Jorgrun.
Jorgrun is almost dead.
Jorgrun hits you with a +0 vorpal quarterstaff.
The grasping roots constrict you.
* * * LOW HITPOINT WARNING * * *
Your river rat bites Jorgrun.
Your limbs are stiffening.
Unknown command.
You feel much better.
Jorgrun points at you and mumbles some strange words.
The iron shot hits you!!!
* * * LOW HITPOINT WARNING * * *
The grasping roots constrict you!
* * * LOW HITPOINT WARNING * * *
Your river rat barely misses Jorgrun.
Jorgrun barely misses you. The grasping roots constrict you!
* * * LOW HITPOINT WARNING * * *
You have turned to stone.
Your river rat bites Jorgrun but does no damage.
Jorgrun casts a spell at you. The iron shot hits you!!!
You die...

#.... ##### ######
#....# #....# #.$..#
### #..r.# #..
#.g..# ##.# #.@..#
#..# #....## #.##
#.....### #.##
#....)..########...
##.#####...#......#.
##..# **#....#####.
#..## ##...####..
#.## ###..##... #.#
##.#..#.


You could see Jorgrun (ally target) and a friendly river rat.

Vanquished Creatures
  The ghost of 15bullets the Thaumaturge, a journeyman BaFE of Vehumet (D:11)
  8 hydras
  2 catoblepae (Lair:6)
  A boulder beetle (Lair:5)
  4 death yaks
  Urug (D:9)
  A lindwurm (Lair:4)
  An oklob plant (Lair:4)
  A cyclops (D:12)
  An ugly thing (D:11)
  2 manticores (Lair:6)
  2 centaur zombies (D:11)
  9 elephants
  4 black mambas
  5 torpor snails
  15 cane toads
  Maggie (D:10)
  3 kobold demonologists (D:10)
  3 rime drakes
  12 komodo dragons
  A freezing wraith (D:11)
  A queen bee (Lair:4)
  A troll (D:12)
  3 meliai (Lair:4)
  A polar bear (Lair:6)
  A tyrant leech (Lair:3)
  4 slime creatures (D:12)
  22 blink frogs
  2 dream sheep (Lair:6)
  Sigmund (D:6)
  4 shadows
  3 wyverns
  A large abomination (Gauntlet)
  63 yaks
  2 wraiths
  6 basilisks
  Grum (D:11)
  2 swamp worms (Lair:3)
  22 water moccasins
  An acid dragon (D:11)
  5 orc warriors
  6 black bears
  A necrophage (D:4)
  5 boggarts (D:11)
  5 ogres
  A centaur (D:9)
  15 wolves
  A phantom (D:6)
  14 bullfrogs
  2 kobold brigands (D:8)
  A gnoll sergeant (D:9)
  2 small abominations (Gauntlet)
  A water moccasin skeleton (D:5)
  37 killer bees
  A howler monkey (D:8)
  7 wights (D:8)
  A hound (D:4)
  8 jellies
  A bullfrog skeleton (D:5)
  A centaur skeleton (D:7)
  2 orc priests
  Crazy Yiuf (D:3)
  4 iguanas
  7 orc wizards
  2 hell rats (Lair:4)
  A howler monkey zombie (D:9)
  6 adders
  12 gnolls
  A river rat (Lair:4)
  A white imp (Gauntlet)
  2 dart slugs
  37 orcs
  5 endoplasms
  2 giant cockroaches (D:2)
  6 goblins
  2 hobgoblins
  21 kobolds
  4 quokkas
  5 ball pythons
  3 bats
  3 frilled lizards
  4 rats
  A bush (Lair:4)
466 creatures vanquished.

Vanquished Creatures (collateral kills)
  A minotaur (Gauntlet)
  A catoblepas (Lair:6)
  2 hydras
  A tengu warrior (Gauntlet)
  An ice devil (Gauntlet)
  2 tengu conjurers (Gauntlet)
  2 shadows
  A wraith (D:7)
  A wolf (Lair:3)
  A gnoll shaman (D:6)
  2 small abominations (Gauntlet)
  A white imp (Gauntlet)
  2 orcs
18 creatures vanquished.

Vanquished Creatures (others)
  4 demonic plants (Gauntlet)
  40 fungi
  60 plants
104 creatures vanquished.

Grand Total: 588 creatures vanquished

Notes
Turn   | Place    | Note
-------+----------+-------------------------------------------
     0 | D:1      | sanka the Merfolk Conjurer began the quest for the Orb.
     0 | D:1      | Reached XP level 1. HP: 13/13 MP: 3/3
   746 | D:2      | Reached XP level 2. HP: 19/19 MP: 3/5
   771 | D:2      | Learned a level 2 spell: Searing Ray
  1104 | D:2      | Found a shimmering blue altar of Sif Muna.
  1527 | D:2      | Reached XP level 3. HP: 24/24 MP: 3/6
  1570 | D:2      | Found a faded altar of an unknown god.
  1574 | D:2      | Prayed at the altar of an unknown god.
  1574 | D:2      | Became a worshipper of the Shining One
  1574 | D:2      | Reached * piety under the Shining One
  2812 | D:3      | Found a runed translucent door.
  2813 | D:3      | Noticed Crazy Yiuf
  2889 | D:3      | Reached XP level 4. HP: 30/30 MP: 2/7
  3050 | D:3      | Killed Crazy Yiuf
  3125 | D:4      | Reached skill level 5 in Conjurations
  3125 | D:4      | Reached skill level 3 in Dodging
  3125 | D:4      | Reached XP level 5. HP: 31/36 MP: 1/8
  3126 | D:4      | Reached skill level 1 in Fighting
  3503 | D:4      | Noticed an ogre
  3509 | D:4      | Killed an ogre
  3510 | D:4      | Reached skill level 4 in Dodging
  3510 | D:4      | Reached XP level 6. HP: 46/46 MP: 1/9
  3731 | D:4      | Noticed a necrophage
  3737 | D:4      | Killed a necrophage
  3738 | D:4      | Reached skill level 5 in Dodging
  3934 | D:4      | Noticed a black bear
  3963 | D:4      | Killed a black bear
  3964 | D:4      | Reached XP level 7. HP: 29/54 MP: 0/10
  4154 | D:4      | Found a sacrificial altar of Ru.
  4274 | D:5      | Entered Level 5 of the Dungeon
  4298 | D:5      | Reached skill level 6 in Dodging
  4490 | D:5      | Found the +2 ratskin cloak {*Rats rPois rN+ Str-1 Int-1
                  | Dex+1}
  4508 | D:5      | Reached ** piety under the Shining One
  4509 | D:5      | Reached skill level 7 in Dodging
  4640 | D:5      | Found an iron altar of Okawaru.
  4640 | D:5      | Found a radiant altar of Vehumet.
  4896 | D:5      | Reached skill level 8 in Dodging
  5045 | D:5      | Found a snail-covered altar of Cheibriados.
  5046 | D:5      | Found a glowing golden altar of the Shining One.
  5046 | D:5      | Found a hide-covered altar of Uskayaw.
  5182 | D:5      | Reached XP level 8. HP: 60/60 MP: 7/11
  5245 | D:5      | Reached skill level 9 in Dodging
  5513 | D:5      | Found a staircase to the Ecumenical Temple.
  5527 | D:5      | Reached skill level 1 in Polearms
  5617 | D:5      | Found a bloodstained altar of Trog.
  6811 | D:6      | Noticed Sigmund
  6825 | D:6      | Killed Sigmund
  6826 | D:6      | Reached skill level 10 in Dodging
  7244 | D:7      | Found a broken altar of Ashenzari.
  7319 | D:7      | Reached XP level 9. HP: 35/65 MP: 2/12
  8241 | D:7      | Reached skill level 10 in Polearms
  8893 | D:8      | Found Vaijoh Suu's General Store.
  9147 | D:8      | Reached *** piety under the Shining One
  9392 | D:8      | Found a sparkling altar of Nemelex Xobeh.
  9690 | D:8      | Bought a scroll of identify for 26 gold pieces
  9690 | D:8      | Bought a potion of berserk rage for 65 gold pieces
  9690 | D:8      | Bought a scroll of identify for 26 gold pieces
  9690 | D:8      | Bought a scroll of teleportation for 39 gold pieces
  9814 | D:9      | Reached XP level 10. HP: 64/71 MP: 13/13
 10230 | D:9      | Reached skill level 15 in Polearms
 10453 | D:9      | Identified the +7 mace of the Ancients {drain, Int+3}
 10834 | D:10     | Entered Level 10 of the Dungeon
 10836 | D:10     | Noticed a kobold demonologist
 10846 | D:10     | Killed a kobold demonologist
 10849 | D:10     | Noticed a kobold demonologist
 10863 | D:10     | Killed a kobold demonologist
 10864 | D:10     | Noticed a kobold demonologist
 10871 | D:10     | Killed a kobold demonologist
 10872 | D:10     | Reached skill level 5 in Fighting
 10883 | D:10     | Found an ancient bone altar of Kikubaaqudgha.
 10948 | D:10     | Found Popsas's Antique Armour Shoppe.
 10955 | D:10     | Bought a pair of faintly humming boots for 294 gold pieces
 10955 | D:10     | Identified the +0 pair of boots of the Apothecary {Int+6
                  | Slay+3} (You bought it in a shop on level 10 of the
                  | Dungeon)
 10969 | D:10     | Reached skill level 11 in Dodging
 10969 | D:10     | Noticed Maggie
 10981 | D:10     | Noticed a seven-headed hydra
 10982 | D:10     | Killed Maggie
 11155 | D:10     | Noticed Urug
 11165 | D:10     | Reached XP level 11. HP: 82/83 MP: 14/14
 11191 | D:9      | Killed Urug
 11192 | D:9      | Reached skill level 12 in Dodging
 11661 | D:10     | Killed a seven-headed hydra
 11726 | D:10     | Found an opulent altar of Gozag.
 11833 | D:10     | Found a staircase to the Lair.
 11833 | D:10     | Reached **** piety under the Shining One
 12088 | D:11     | Reached skill level 13 in Dodging
 12253 | D:11     | Noticed Grum
 12270 | D:11     | Found a runed translucent gate.
 12270 | D:11     | Found a runed translucent gate.
 12270 | D:11     | Found a runed translucent gate.
 12274 | D:11     | Noticed 15bullets's ghost (journeyman BaFE)
 12308 | D:11     | Found a stormy altar of Qazlal.
 12645 | D:11     | Killed Grum
 12724 | D:11     | Noticed a white ugly thing
 12725 | D:11     | Noticed a four-headed hydra
 12738 | D:11     | Killed a white ugly thing
 13174 | D:11     | Killed 15bullets's ghost
 13175 | D:11     | Reached skill level 14 in Dodging
 13408 | Lair:1   | Entered Level 1 of the Lair of Beasts
 13437 | Lair:1   | Found a radiant altar of Vehumet.
 13595 | Lair:1   | Reached skill level 10 in Fighting
 13595 | Lair:1   | Reached XP level 12. HP: 90/97 MP: 15/15
 13680 | Lair:1   | Reached skill level 15 in Dodging
 14604 | Lair:2   | Noticed a four-headed hydra
 14616 | Lair:2   | Killed a four-headed hydra
 14730 | Lair:2   | Found a runed translucent gate.
 14730 | Lair:2   | Found a runed translucent gate.
 14730 | Lair:2   | Found a runed translucent gate.
 14730 | Lair:2   | Noticed benappo's ghost (journeyman TrFi)
 14895 | Lair:2   | Found a staircase to the Snake Pit.
 14928 | Lair:2   | Reached skill level 16 in Dodging
 15693 | Lair:3   | Noticed a six-headed hydra
 15701 | Lair:3   | Killed a six-headed hydra
 15726 | Lair:3   | Reached ***** piety under the Shining One
 15756 | Lair:3   | Reached skill level 17 in Dodging
 15995 | Lair:3   | Found a staircase to the Swamp.
 16923 | Lair:4   | Reached XP level 13. HP: 108/109 MP: 16/16
 17462 | Lair:4   | Reached skill level 18 in Dodging
 18654 | Lair:4   | Identified the amulet "Duevvumo" {Faith Fragile rF+ Will+
                  | Int+3}
 18890 | Lair:4   | Reached skill level 19 in Dodging
 19623 | Lair:5   | Found a staircase to the Slime Pits.
 20069 | Lair:5   | Reached XP level 14. HP: 121/121 MP: 17/17
 20111 | Lair:5   | Identified the +2 buckler of Imperfection {rC- MP+9 Int+4
                  | Dex+4}
 20209 | Slime:1  | Entered Level 1 of the Pits of Slime
 20240 | Lair:6   | Entered Level 6 of the Lair of Beasts
 20480 | Lair:6   | Reached skill level 15 in Fighting
 20746 | Lair:6   | Reached skill level 20 in Dodging
 20756 | Lair:6   | Reached skill level 1 in Invocations
 21239 | Lair:6   | Reached skill level 5 in Invocations
 24016 | D:12     | Found a gate leading to a gauntlet.
 24048 | D:12     | Reached skill level 10 in Invocations
 24070 | Gauntlet | Entered a Gauntlet
 24070 | Gauntlet | Found a transporter.
 24070 | Gauntlet | Found a transporter.
 24173 | Gauntlet | Found a transporter.
 24173 | Gauntlet | Found a transporter.
 24176 | Gauntlet | Found a transporter.
 24186 | Gauntlet | Found a transporter.
 24194 | Gauntlet | Reached ****** piety under the Shining One
 24198 | Gauntlet | Found a transporter.
 24253 | Gauntlet | Found a transporter.
 24265 | Gauntlet | Found a transporter.
 24279 | Gauntlet | Found a transporter.
 24294 | Gauntlet | Found a transporter.
 24304 | Gauntlet | Found a transporter.
 24550 | Gauntlet | Identified the ring of the Heavens {rElec rF+ AC+4 Stlth-}
 24605 | Gauntlet | Identified the +7 mace of the Assorted Scars {freeze, Dex+4
                  | Stlth+}
 24605 | Gauntlet | Identified the +3 chain mail of Failure {Regen+ Slay+6}
 24616 | Gauntlet | Identified the +1 short sword of Hytzoaj {protect, *Slow
                  | rF+++ MP+9 SInv}
 24617 | Gauntlet | Got Goss's Catalogue of Vitriolic Conjuration
 24831 | D:12     | Reached XP level 15. HP: 112/129 MP: 23/23
 24936 | D:12     | Found a staircase to the Orcish Mines.
 25019 | D:12     | Noticed Jorgrun
 25049 | D:12     | Killed from afar by Jorgrun

Illustrated notes

Levels and vault maps discovered:
D:1:      dpeg_arrival_arbitrary_a, layout_basic
D:2:      layout_loops_ring, ebering_ecumenical_altar_ruins, basic_altar,
          serial_aquarium, aquarium_bridge_straight [aquarium_subvault_bridge,
          aquarium_subvault_balcony, aquarium_subvault_bridge,
          aquarium_subvault_wall], aquarium_bridge_square
          [aquarium_subvault_bridge, aquarium_subvault_balcony,
          aquarium_subvault_bridge, aquarium_subvault_wall], aquarium_window_1,
          aquarium_window_corner, aquarium_view_2a, aquarium_balcony_3b,
          hangedman_decor_growths, minmay_misc_feat_nine_boxes,
          minmay_misc_feat_ornament
D:3:      layout_basic, uniq_crazy_yiuf_cottage
D:4:      layout_rooms, nicolae_ru_the_path_less_chosen, minmay_diced_spiral
D:5:      layout_basic, gammafunk_temple_overflow_elements, trog_butcher_becter,
          chequers_temple_overflow_statue_of_worship, minmay_temple_entry_tees,
          serial_bayou_crossing
D:6:      layout_basic, uniq_sigmund
D:7:      layout_cave_pods, cheibrodos_ashenzari_chains, enter_bailey_2,
          minmay_misc_feat_five
D:8:      layout_cave_pools, nemelex_diamond_rough_becter, special_room
          [special_room_orc], serial_shops, nicolae_shop_crystal,
          chequers_jeans, minmay_fountain_box
D:9:      layout_basic, kennysheep_another_room
D:10:     layout_cave_pools, mainiacjoe_overflow_concentric_impassable,
          nicolae_gozag_seed_capital, david_lair_generic, serial_shops, shop,
          minmay_misc_feat_encased, nicolae_fountain_basement, uniq_urug,
          uniq_maggie
D:11:     layout_loops_cross, gammafunk_ghost_spectres,
          nicolae_qazlal_scattered_showers, uniq_grum
D:12:     layout_rooms, orc_0_dummy, gauntlet_entry_generic, uniq_jorgrun
Lair:1:   layout_regular_city, basic_altar, beast_lair_carwin_6
Lair:2:   layout_regular_city, dummy_snake_entry, ebering_ghost_rock_garden
Lair:3:   layout_loops_ring, minmay_swamp_entry_worms, grunt_megastairs_2
Lair:4:   regret_index_bee_streams, layout_long_grid, minmay_lair_oklob_bushes,
          lemuel_fruit_fields
Lair:5:   layout_regular_city, minmay_slime_entry_pillars, fungi_pond_lemuel,
          lemuel_fruit_fields
Lair:6:   evilmike_catoblepas_cave, layout_regular_city
Slime:1:  layout_caves

Skill      XL: |  1  2  3  4  5  6  7  8  9 10 11 12 13 14 |
---------------+-------------------------------------------+-----
Conjurations   | 4 5 |  5.0
Dodging        | 3 4 5 8 10 11 14 17 19 20 | 20.0
Fighting       | 2 4 6 10 12 14 15 | 15.0
Polearms       | 8 13 16 | 16.0
Invocations    | 11 | 11.1
Stealth        | |  2.1
Spellcasting   | |  2.0

Action                   |  1- 3 |  4- 6 |  7- 9 | 10-12 | 13-15 || total
-------------------------+-------+-------+-------+-------+-------++-------
Melee: Unarmed           |     2 |    15 |    34 |       |       ||    51
       Punch             |       |     1 |     2 |     1 |     5 ||     9
       Spear             |       |       |   129 |       |       ||   129
       Halberd           |       |       |   151 |   536 |   877 ||  1564
       Trident           |       |       |       |    17 |    78 ||    95
 Cast: Magic Dart        |    73 |    40 |   100 |     2 |     3 ||   218
       Searing Ray       |       |     8 |    25 |       |       ||    33
Invok: Divine Shield     |       |       |       |       |     2 ||     2
       Summon Divine War |       |       |       |       |     1 ||     1
Evoke: Wand              |       |     1 |     7 |     5 |       ||    13
  Use: Potion            |       |     2 |       |       |     3 ||     5
       Scroll            |       |       |     9 |     1 |     4 ||    14
Armor: Robe              |     6 |    21 |    71 |    75 |   175 ||   348
Dodge: Dodged            |     3 |    29 |   286 |   322 |   630 ||  1270
Block: Other             |       |       |       |       |    16 ||    16
